 Dungeon Crawl Stone Soup version 0.29.1-12-g30fa7ad0bf (webtiles) character file.

Game seed: 8730102791852939232

145 Seakingmako the Covered (level 5, 0/45 HPs)
             Began as a Minotaur Berserker on Jan 2, 2023.
             Was a Believer of Trog.
             Slain by a water moccasin (2 damage)
             ... on level 5 of the Dungeon.
             The game lasted 00:21:13 (3118 turns).

Seakingmako the Covered (Minotaur Berserker)        Turns: 3118, Time: 00:21:16

Health: 0/45       AC:  9    Str: 23    XL:     5   Next: 6%
Magic:  4/4        EV:  9    Int:  4    God:    Trog [**....]
Gold:   161        SH:  0    Dex: 10    Spells: 4/4 levels left

rFire   . . .      SeeInvis .   C - +0 mace
rCold   . . .      Faith    .   (no shield)
rNeg    . . .      Spirit   .   l - +0 chain mail
rPois   +          Reflect  .   (helmet restricted)
rElec   .          Harm     .   (no cloak)
rCorr   .          Rampage  .   (no gloves)
Will    .....                   (no boots)
Stlth   ..........              (no amulet)
HPRegen 0.15/turn               q - ring of poison resistance
MPRegen 0.09/turn               (no ring)

@: lethally poisoned (0 -> -19), flying
A: horns 2, retaliatory headbutt
a: Renounce Religion, Berserk, Trog's Hand


You were on level 5 of the Dungeon.
You worshipped Trog.
Trog was pleased with you.
You visited 1 branch of the dungeon, and saw 4 of its levels.

You collected 161 gold pieces.

Inventory:

Hand Weapons
 a - a +0 hand axe
 d - a +0 spear
 f - a +0 club
 h - a +0 dagger
 k - a +0 dagger
 m - a +0 dagger
 s - a +0 dagger
 v - a +0 club
 w - a +0 club
 x - a +0 club
 y - a +0 dagger
 A - a +0 club
 C - a +0 mace (weapon)
 G - a +0 short sword
 I - a +0 short sword
Missiles
 c - 43 stones (quivered)
 D - 3 boomerangs of dispersal
 E - 12 poisoned darts
Armour
 b - a +0 animal skin
 i - a +0 robe
 l - a +0 chain mail (worn)
 n - a +0 robe
 o - a +0 leather armour
 p - a +0 ring mail
 r - a +0 helmet
 t - a +0 leather armour
 z - a +0 ring mail
Jewellery
 q - a ring of poison resistance (left hand)
Scrolls
 e - 2 scrolls of identify {unknown}
 g - a scroll of amnesia {unknown}
 j - a scroll of vulnerability {unknown}
 B - a scroll of summoning {unknown}
Potions
 u - 2 potions of mutation {unknown}
 F - 2 potions of curing {unknown}


   Skills:
 - Level 3.6 Fighting
 - Level 3.6 Axes
 + Level 0.4(2.2) Maces & Flails
 * Level 4.6 Armour
 * Level 4.3 Dodging
 + Level 0.3 Stealth


You had 4 spell levels left.
You didn't know any spells.
Your spell library was empty.

Dungeon Overview and Level Annotations

Branches:
Dungeon (3/15)

Altars:
Uskayaw
Xom

Shops:
D:1 =

Annotations:
D:1 shop


Innate Abilities, Weirdness & Mutations

You have a pair of horns on your head.
You reflexively headbutt those who attack you in melee.


Message History

You now have 161 gold pieces (gained 7).
Found 3 boomerangs and a hand axe.
E - 12 poisoned darts (gained 6)
A water moccasin comes into view.
The water moccasin closely misses you.
You hit the water moccasin.
Your headbutt misses the water moccasin.
The water moccasin is lightly wounded.
The water moccasin bites you.
You are poisoned.
The water moccasin poisons you! The water moccasin barely misses you.
You hit the water moccasin.
The water moccasin is lightly wounded.
You feel very sick. The water moccasin barely misses you.
You miss the water moccasin.
The water moccasin is lightly wounded.
You feel very sick. The water moccasin bites you.
You are more poisoned.
The water moccasin poisons you! The water moccasin bites you.
You hit the water moccasin.
The water moccasin is moderately wounded.
You feel very sick. The water moccasin bites you. The water moccasin bites you!
You completely miss the water moccasin.
The water moccasin is lightly wounded.
You feel very sick. The water moccasin bites you.
* * * LOW HITPOINT WARNING * * *
You are more poisoned.
The water moccasin poisons you! The water moccasin bites you.
* * * LOW HITPOINT WARNING * * *
It was a potion of flight.
You feel very buoyant.
You fly up into the air.
* * * LOW HITPOINT WARNING * * *
You feel very sick. The water moccasin bites you.
You die...

###########
###########.........#
......S@....#######.#
#.....#####.# #.#
#...........# #.#
#.....#####.#### #.#
##.. #......(# #.# #
.####.#####.# #.#
..##.# #.####.#
#.##.# #...##.####
#.##.# #.#......>.


You could see a water moccasin.

Vanquished Creatures
  Jessica (D:2)
  An iguana (D:3)
  2 adders
  An ufetubus (D:5)
  A worm (D:3)
  A dart slug (D:1)
  An orc (D:3)
  9 ball pythons
  9 endoplasms
  3 giant cockroaches
  5 goblins
  7 hobgoblins
  5 kobolds
  2 quokkas
  6 bats
  2 frilled lizards (D:1)
  7 rats
63 creatures vanquished.

Notes
Turn   | Place    | Note
-------+----------+-------------------------------------------
     0 | D:1      | Seakingmako the Minotaur Berserker began the quest for the
                  | Orb.
     0 | D:1      | Reached XP level 1. HP: 19/19 MP: 0/0
   537 | D:1      | Reached XP level 2. HP: 26/26 MP: 1/1
  1064 | D:1      | Found Olyumauh's Jewellery Shoppe.
  1155 | D:1      | Reached XP level 3. HP: 22/31 MP: 2/2
  1540 | D:2      | Reached ** piety under Trog
  1887 | D:2      | Noticed Jessica
  1930 | D:2      | Killed Jessica
  1931 | D:2      | Reached XP level 4. HP: 39/39 MP: 3/3
  2268 | D:3      | Found a shimmering altar of Xom.
  2801 | D:3      | Reached XP level 5. HP: 35/45 MP: 4/4
  2971 | D:3      | You fall into a shaft and drop 2 floors!
  2971 | D:5      | Entered Level 5 of the Dungeon
  2971 | D:5      | Found a hide-covered altar of Uskayaw.
  3110 | D:5      | Noticed a water moccasin
  3118 | D:5      | HP: 2/45 [poisoned by a water moccasin]
  3118 | D:5      | Slain by a water moccasin

Illustrated notes

Levels and vault maps discovered:
D:1:      evilmike_arrival_rings, layout_basic, serial_shops,
          nicolae_shop_behind_doors
D:2:      layout_basic, uniq_jessica
D:3:      layout_basic, mainiacjoe_overflow_paths
D:5:      layout_loops_ring, eat_drink_and_be_merry_uskayaw,
          minmay_misc_feat_pillars, kennysheep_generic_room_8

Skill      XL: |  1  2  3  4 |
---------------+-------------+-----
Armour         | 3 4 |  4.6
Dodging        | 3 4 |  4.3
Fighting       | |  3.6
Axes           | |  3.6
Maces & Flails | |  0.4
Stealth        | |  0.3

Action                   |  1- 3 |  4- 6 || total
-------------------------+-------+-------++-------
Melee: Hand axe          |   100 |    24 ||   124
       Headbutt          |    16 |     7 ||    23
       Punch             |     2 |       ||     2
       Mace              |       |    24 ||    24
  Use: Scroll            |     2 |       ||     2
       Potion            |     2 |     1 ||     3
Armor: Animal skin       |     8 |       ||     8
       Chain mail        |    23 |    24 ||    47
       Skin              |     9 |       ||     9
Dodge: Dodged            |    36 |    29 ||    65
